 Dungeon Crawl Stone Soup version 0.31-a0-1388-g4b2ba238e7 (webtiles) character file.

Game seed: 10782737656005116683

65 wildpjah the Slasher (level 3, -2/28 HPs)
             Began as a Demonspawn Gladiator on Dec 24, 2023.
             Killed from afar by a white imp (8 damage)
             ... with a puff of frost
             ... on level 3 of the Dungeon.
             The game lasted 00:01:55 (1975 turns).

wildpjah the Slasher (Demonspawn Gladiator)         Turns: 1975, Time: 00:01:56

Health: -2/28      AC:  5    Str: 20    XL:     3   Next: 94%
Magic:  3/3        EV: 13    Int:  8    God:
Gold:   134        SH:  0    Dex: 16    Spells: 2/2 levels left

rFire   . . .        a - +0 long sword
rCold   . . .        (no shield)
rNeg    . . .        b - +0 leather armour
rPois   .            c - +0 helmet
rElec   .            r - +0 cloak
rCorr   .            (no gloves)
SInv    .            (no boots)
Will    .....        (no amulet)
Stlth   +            o - +6 ring of strength
HPRegen 0.24/turn    (no ring)
MPRegen 0.08/turn

%: no passive effects
@: no status effects
A: weakness stinger 1
a: no special abilities


You were on level 3 of the Dungeon.
You visited 1 branch of the dungeon, and saw 3 of its levels.

You collected 134 gold pieces.

Inventory:

Hand Weapons
 a - a +0 long sword (weapon)
 g - a +0 dagger of protection
Missiles
 d - 3 throwing nets
Armour
 b - a +0 leather armour (worn)
 c - a +0 helmet (worn)
 r - a +0 cloak (worn)
Jewellery
 o - a +6 ring of strength (left hand)
Wands
 l - a wand of charming (9)
Scrolls
 f - 8 scrolls of identify {unknown}
 h - a scroll of noise {unknown}
 i - a scroll of brand weapon {unknown}
 m - a scroll of blinking {unknown}
Potions
 j - 2 potions of curing {unknown}
 k - 2 potions of attraction {unknown}
 n - a potion of degeneration {unknown}
 p - a potion of heal wounds {unknown}
 q - 2 potions of mutation {unknown}


   Skills:
 + Level 2.4 Fighting
 + Level 3.5 Long Blades
 + Level 1.9 Throwing
 + Level 0.7 Armour
 + Level 3.2 Dodging
 + Level 0.1 Stealth


You had 2 spell levels left.
You didn't know any spells.
Your spell library was empty.

Dungeon Overview and Level Annotations

Branches:
Dungeon (3/15)

Altars:


Innate Abilities, Weirdness & Mutations

You have a small tail.


Message History

A kobold comes into view. It is wielding a +0 whip.
The kobold shouts!
An endoplasm comes into view.
The kobold closely misses you.
You miss the kobold.
A white imp comes into view.
The kobold hits you but does no damage.
You hit the kobold.
The kobold is severely wounded.
The kobold barely misses you.
You slash the kobold!
You kill the kobold!
The white imp gestures at you. The puff of frost hits you!
The white imp gestures at you. The puff of frost hits you!
The endoplasm freezes you.
You are frozen.
* * * LOW HITPOINT WARNING * * *
You are too injured to fight recklessly!
You are too injured to fight recklessly!
You are too injured to fight recklessly!
Unknown command.
You hit the endoplasm.
The endoplasm is moderately wounded.
The endoplasm freezes you.
You are frozen.
* * * LOW HITPOINT WARNING * * *
The endoplasm barely misses you.
You hit the endoplasm. You tail-slap the endoplasm.
You kill the endoplasm!
Throw: javelin
Press: ? - help, Q - select action, (/) - cycle Shift-Dir - straight line, f - white imp
Aim: a white imp (57% to hit)
You throw a javelin.
The javelin pierces through the white imp!
The white imp is severely wounded.
The white imp gestures at you. The puff of frost hits you!
You die...

########.# #####
#........# ...#
#.######.# #######.#
#.#....#.# .........
#.#..#.#.# ######.#
#.#.##.#.########## #.#
#......#.##.......#+#.#
#.#
###.####.##.###.......#
#.# #.#..#.##.#
#.@.....# #..
#.#..#.##.# #.).5...#
### ###.#..#.##.#
#......... .##.#..#.##.#
#......(##
.##.#.......#####+#+#...
####
........................
....
.......#####........# #
.#### .....###
#........# ..... #...##
#........# #####


You could see a white imp.

Vanquished Creatures
  An adder (D:2)
  2 dart slugs (D:1)
  5 bats
  5 endoplasms
  4 giant cockroaches
  3 goblins (D:1)
  8 hobgoblins
  4 kobolds
  2 quokkas
  5 ball pythons
  5 frilled lizards
  2 rats
46 creatures vanquished.

Notes
Turn   | Place    | Note
-------+----------+-------------------------------------------
     0 | D:1      | wildpjah the Demonspawn Gladiator began the quest for the
                  | Orb.
     0 | D:1      | Reached XP level 1. HP: 16/16 MP: 1/1
    95 | D:1      | Gained mutation: You have a small tail. [demonic ancestry]
    95 | D:1      | Reached XP level 2. HP: 22/22 MP: 2/2
   532 | D:1      | Reached XP level 3. HP: 20/27 MP: 3/3
  1975 | D:3      | Killed from afar by a white imp

Illustrated notes

Levels and vault maps discovered:
D:1:      minmay_arrival_five_plusses, layout_basic, kennysheep_nondescript
D:2:      layout_loops_ring
D:3:      layout_basic, goddamned_bats

Skill      XL: |  1  2 |
---------------+-------+-----
Long Blades    | 3 |  3.5
Dodging        | 3 |  3.2
Fighting       | |  2.4
Throwing       | |  1.9
Armour         | |  0.7
Stealth        | |  0.1

Action                     || total
---------------------------++-------
  Melee: Long sword        ||   103
         Tailslap          ||     8
  Throw: Javelin           ||     1
   Stab: Sleeping          ||     1
 Armour: Leather armour    ||    75
  Dodge: Dodged            ||    68

Table legend: (Time is in decaauts)
 A = Elapsed time spent in this place.
 B = Non-inter-level travel time spent in this place.
 C = Inter-level travel time spent in this place.
 D = Time resting spent in this place.
 E = Time spent auto-exploring this place.
 F = Levels seen in this place.
 G = Mean time per level.
                   A        B        C        D        E       F      G
               +--------+--------+--------+--------+--------+-----+--------+
         Total |   1999 |   1940 |     59 |      0 |   1620 |   3 |  666.3 |
       Dungeon |   1999 |   1940 |     59 |      0 |   1620 |   3 |  666.3 |
               +--------+--------+--------+--------+--------+-----+--------+

Top non-repeatable levels by time:
     D:3: 722 daAuts
     D:2: 647 daAuts
     D:1: 629 daAuts
